[ AOE2 MATCH · #506181863 ]
UnrankedTurks vs Vikings
Player's team · WIN
Rival team · LOSS
[ REPLAY ANALYSIS · EXTRACTED FROM THE RECORDED GAME ]
Feudal
17:14
Castle
27:42
Imperial
31:55
| APM avg | 46.7 |
| APM peak | 72 |
| eAPM avg | 29.6 |
| Villagers / military | 68 / 16 |
Focus
⚔️ 32.0% · 🌾 68.0%
Fishing Ship ×16 · Archer ×9 · Janissary ×5 · Bombard Cannon ×1 · Trebuchet (Packed) ×1
Feudal
15:46
Castle
30:04
Imperial
—
| APM avg | 56.9 |
| APM peak | 96 |
| eAPM avg | 32.5 |
| Villagers / military | 53 / 7 |
Focus
⚔️ 29.2% · 🌾 70.8%
Fishing Ship ×24 · Archer ×5 · Militia ×2
Match map
Initial resources + every placement click. Lines = walls · curves = elevation contours. ◆ gold · ⬟ stone · ● berries · ✦ relic · ◌ wall gap
Your base· ✓ Closed at 27:42 · 56t walls · no gate
[Nors] OG DADDY's base· ✓ Closed at 30:04 · 48t walls · no gate
Smoothed initial terrain · ◌ = detected wall gap · hover for details
Inputs per minute
— randomsharky - - [Nors] OG DADDY
Build order — randomsharky
First 150 of 234 actions detected
| 0:00 | Queue | Villager (Male) |
| 0:00 | Queue | Villager (Male) |
| 0:01 | Queue | Villager (Male) |
| 0:04 | Build | House |
| 0:05 | Build | House |
| 0:09 | Queue | Villager (Male) |
| 0:17 | Research | Loom |
| 0:25 | Queue | Villager (Male) |
| 0:32 | Queue | Villager (Male) |
| 0:32 | Queue | Villager (Male) |
| 1:58 | Queue | Villager (Male) |
| 2:24 | Queue | Villager (Male) |
| 2:25 | Queue | Villager (Male) |
| 3:00 | Queue | Villager (Male) |
| 3:29 | Queue | Villager (Male) |
| 3:29 | Queue | Villager (Male) |
| 3:56 | Queue | Villager (Male) |
| 3:59 | Build | Palisade Wall |
| 4:26 | Queue | Villager (Male) |
| 4:26 | Queue | Villager (Male) |
| 4:44 | Queue | Villager (Male) |
| 5:38 | Queue | Villager (Male) |
| 6:06 | Queue | Villager (Male) |
| 6:28 | Queue | Villager (Male) |
| 6:28 | Queue | Villager (Male) |
| 6:32 | Build | Lumber Camp |
| 6:34 | Build | House |
| 6:52 | Queue | Villager (Male) |
| 7:22 | Queue | Villager (Male) |
| 7:22 | Queue | Villager (Male) |
| 7:22 | Queue | Villager (Male) |
| 8:04 | Build | House |
| 8:16 | Build | Palisade Wall |
| 8:17 | Build | Palisade Wall |
| 8:18 | Queue | Villager (Male) |
| 8:30 | Build | House |
| 8:31 | Queue | Villager (Male) |
| 8:42 | Build | Palisade Wall |
| 8:43 | Build | Palisade Wall |
| 8:44 | Build | Palisade Wall |
| 8:44 | Build | Palisade Wall |
| 8:45 | Queue | Villager (Male) |
| 9:00 | Build | Palisade Wall |
| 9:01 | Build | Palisade Wall |
| 9:10 | Build | Palisade Wall |
| 9:14 | Build | Palisade Wall |
| 9:18 | Build | Palisade Wall |
| 9:18 | Queue | Villager (Male) |
| 9:21 | Build | Mill |
| 9:25 | Build | Palisade Wall |
| 9:40 | Queue | Villager (Male) |
| 9:59 | Build | House |
| 10:06 | Build | Palisade Wall |
| 10:07 | Build | Palisade Wall |
| 10:17 | Build | Palisade Wall |
| 10:17 | Build | Palisade Wall |
| 10:18 | Build | Palisade Wall |
| 10:21 | Build | Dock |
| 10:29 | Queue | Villager (Male) |
| 10:29 | Queue | Villager (Male) |
| 10:47 | Build | Mill |
| 10:57 | Build | Mill |
| 11:08 | Build | Palisade Wall |
| 11:08 | Build | Palisade Wall |
| 11:09 | Build | Palisade Wall |
| 11:10 | Build | Palisade Wall |
| 11:10 | Queue | Villager (Male) |
| 11:34 | Build | Palisade Wall |
| 11:38 | Queue | Villager (Male) |
| 11:39 | Queue | Fishing Ship |
| 11:42 | Queue | Fishing Ship |
| 11:44 | Queue | Villager (Male) |
| 12:00 | Queue | Fishing Ship |
| 12:10 | Queue | Villager (Male) |
| 12:18 | Queue | Villager (Male) |
| 12:19 | Queue | Villager (Male) |
| 12:37 | Queue | Fishing Ship |
| 12:39 | Queue | Villager (Male) |
| 13:06 | Queue | Fishing Ship |
| 13:09 | Queue | Villager (Male) |
| 13:15 | Build | House |
| 13:16 | Build | House |
| 13:24 | Queue | Villager (Male) |
| 13:35 | Build | House |
| 13:58 | Queue | Villager (Male) |
| 14:34 | Queue | Fishing Ship |
| 14:39 | Queue | Villager (Male) |
| 14:49 | Build | Mining Camp |
| 14:52 | Build | Mining Camp |
| 14:57 | Research | Feudal Age |
| 15:05 | Queue | Fishing Ship |
| 15:27 | Build | Barracks |
| 15:31 | Queue | Villager (Male) |
| 15:36 | Build | Palisade Wall |
| 15:38 | Build | Palisade Wall |
| 15:53 | Build | Palisade Wall |
| 15:55 | Build | Palisade Wall |
| 15:57 | Build | Palisade Wall |
| 16:04 | Build | Barracks |
| 16:17 | Build | Palisade Wall |
| 16:19 | Build | Palisade Wall |
| 16:21 | Build | Palisade Wall |
| 16:24 | Build | Palisade Wall |
| 16:26 | Build | Palisade Wall |
| 16:27 | Queue | Villager (Male) |
| 16:31 | Build | Palisade Wall |
| 17:14 | Age | Feudal Age |
| 17:15 | Build | Watch Tower |
| 17:17 | Build | Archery Range |
| 17:18 | Queue | Villager (Male) |
| 17:21 | Build | Stone Wall |
| 17:22 | Build | Stone Wall |
| 17:23 | Queue | Villager (Male) |
| 17:28 | Build | Stone Wall |
| 17:28 | Queue | Villager (Male) |
| 17:34 | Queue | Villager (Male) |
| 17:37 | Build | Blacksmith |
| 17:44 | Queue | Villager (Male) |
| 17:54 | Research | Double-Bit Axe |
| 17:56 | Queue | Archer |
| 17:56 | Queue | Archer |
| 18:07 | Research | Fletching |
| 18:09 | Build | Lumber Camp |
| 18:22 | Queue | Villager (Male) |
| 18:27 | Build | House |
| 18:28 | Build | House |
| 18:47 | Build | House |
| 19:07 | Queue | Archer |
| 19:11 | Queue | Villager (Male) |
| 19:21 | Build | Fish Trap |
| 19:24 | Queue | Fishing Ship |
| 19:31 | Build | Fish Trap |
| 19:42 | Queue | Archer |
| 20:02 | Build | Lumber Camp |
| 20:18 | Queue | Archer |
| 20:31 | Build | Fish Trap |
| 20:32 | Queue | Villager (Male) |
| 20:49 | Queue | Archer |
| 20:55 | Build | Farm |
| 20:57 | Build | Farm |
| 21:01 | Build | Farm |
| 21:08 | Build | Farm |
| 21:24 | Build | Stone Wall |
| 21:26 | Build | Stone Wall |
| 21:27 | Build | Stone Wall |
| 21:29 | Build | Stone Wall |
| 21:37 | Build | Fish Trap |
| 21:38 | Research | Tech 906 |
| 21:43 | Build | Fish Trap |
| 21:44 | Queue | Villager (Male) |
Build order — [Nors] OG DADDY
First 150 of 193 actions detected
| 0:01 | Queue | Villager (Male) |
| 0:01 | Queue | Villager (Male) |
| 0:02 | Build | House |
| 0:03 | Build | House |
| 0:20 | Research | Loom |
| 0:34 | Queue | Villager (Male) |
| 0:36 | Queue | Villager (Male) |
| 0:45 | Queue | Villager (Male) |
| 2:09 | Queue | Villager (Male) |
| 2:28 | Build | Palisade Wall |
| 3:16 | Queue | Villager (Male) |
| 3:58 | Queue | Villager (Male) |
| 4:22 | Build | House |
| 4:37 | Queue | Villager (Male) |
| 5:06 | Queue | Villager (Male) |
| 5:59 | Queue | Villager (Male) |
| 6:17 | Queue | Villager (Male) |
| 6:58 | Build | Palisade Wall |
| 7:02 | Queue | Villager (Male) |
| 7:26 | Queue | Villager (Male) |
| 7:27 | Queue | Villager (Male) |
| 7:34 | Build | Palisade Wall |
| 7:35 | Build | Palisade Wall |
| 7:36 | Build | Palisade Wall |
| 7:37 | Build | Palisade Wall |
| 8:02 | Build | Palisade Wall |
| 8:05 | Build | Palisade Wall |
| 8:06 | Build | Palisade Wall |
| 8:07 | Build | Palisade Wall |
| 8:10 | Build | Palisade Wall |
| 8:12 | Build | Palisade Wall |
| 8:13 | Build | Palisade Wall |
| 8:15 | Build | Palisade Wall |
| 8:21 | Build | House |
| 8:35 | Queue | Villager (Male) |
| 8:42 | Build | House |
| 8:43 | Build | House |
| 8:48 | Build | Palisade Wall |
| 8:50 | Build | Palisade Wall |
| 8:51 | Build | Palisade Wall |
| 9:03 | Build | Palisade Wall |
| 9:06 | Build | Palisade Wall |
| 9:07 | Build | Palisade Wall |
| 9:08 | Queue | Villager (Male) |
| 9:36 | Queue | Villager (Male) |
| 9:54 | Build | Palisade Wall |
| 9:59 | Build | Palisade Wall |
| 10:00 | Build | Palisade Wall |
| 10:01 | Build | Palisade Wall |
| 10:03 | Build | Palisade Wall |
| 10:06 | Queue | Villager (Male) |
| 10:33 | Queue | Villager (Male) |
| 10:51 | Build | Lumber Camp |
| 11:06 | Queue | Villager (Male) |
| 11:16 | Build | House |
| 11:24 | Queue | Villager (Male) |
| 12:18 | Queue | Villager (Male) |
| 12:25 | Build | Dock |
| 12:34 | Build | Palisade Wall |
| 12:36 | Queue | Villager (Male) |
| 12:50 | Build | Lumber Camp |
| 12:51 | Queue | Villager (Male) |
| 13:26 | Queue | Fishing Ship |
| 13:32 | Queue | Villager (Male) |
| 13:36 | Research | Feudal Age |
| 13:55 | Build | Barracks |
| 14:39 | Queue | Militia |
| 14:56 | Queue | Militia |
| 15:07 | Build | Mining Camp |
| 15:46 | Age | Feudal Age |
| 15:47 | Build | Watch Tower |
| 15:52 | Queue | Villager (Male) |
| 15:59 | Queue | Villager (Male) |
| 15:59 | Queue | Villager (Male) |
| 16:03 | Queue | Fishing Ship |
| 16:03 | Queue | Fishing Ship |
| 16:04 | Queue | Villager (Male) |
| 16:10 | Build | Archery Range |
| 16:56 | Queue | Villager (Male) |
| 16:57 | Build | House |
| 17:00 | Build | House |
| 17:02 | Build | House |
| 17:10 | Queue | Archer |
| 17:26 | Queue | Archer |
| 17:28 | Queue | Villager (Male) |
| 17:53 | Build | Blacksmith |
| 18:07 | Build | House |
| 18:17 | Build | Mill |
| 18:49 | Research | Fletching |
| 18:55 | Build | House |
| 18:56 | Build | Lumber Camp |
| 19:01 | Queue | Fishing Ship |
| 19:01 | Queue | Villager (Male) |
| 19:09 | Build | Palisade Wall |
| 19:20 | Queue | Archer |
| 19:40 | Queue | Villager (Male) |
| 20:03 | Build | House |
| 20:05 | Queue | Archer |
| 20:15 | Queue | Villager (Male) |
| 20:18 | Build | Mining Camp |
| 20:22 | Queue | Fishing Ship |
| 20:23 | Queue | Fishing Ship |
| 20:36 | Build | House |
| 21:02 | Queue | Villager (Male) |
| 21:05 | Queue | Archer |
| 21:10 | Queue | Fishing Ship |
| 21:17 | Build | Dock |
| 21:19 | Queue | Fishing Ship |
| 21:20 | Queue | Villager (Male) |
| 21:25 | Build | House |
| 21:55 | Queue | Villager (Male) |
| 21:58 | Queue | Fishing Ship |
| 22:23 | Queue | Villager (Male) |
| 22:26 | Build | House |
| 22:27 | Queue | Fishing Ship |
| 22:27 | Queue | Fishing Ship |
| 22:31 | Build | Fish Trap |
| 22:33 | Build | Fish Trap |
| 22:38 | Build | Fish Trap |
| 22:48 | Queue | Villager (Male) |
| 22:51 | Build | House |
| 22:55 | Build | Fish Trap |
| 22:56 | Queue | Villager (Male) |
| 22:58 | Build | House |
| 23:17 | Build | Stone Wall |
| 23:19 | Queue | Villager (Male) |
| 23:26 | Build | Lumber Camp |
| 23:35 | Build | Dock |
| 23:36 | Queue | Fishing Ship |
| 23:36 | Queue | Villager (Male) |
| 23:49 | Research | Tech 906 |
| 23:55 | Queue | Villager (Male) |
| 24:06 | Build | Watch Tower |
| 24:17 | Build | Fish Trap |
| 24:19 | Queue | Villager (Male) |
| 24:22 | Build | House |
| 24:23 | Queue | Villager (Male) |
| 24:32 | Build | Fish Trap |
| 24:40 | Build | Fish Trap |
| 25:05 | Build | House |
| 25:11 | Build | Market |
| 25:16 | Build | Market |
| 25:19 | Queue | Villager (Male) |
| 25:28 | Queue | Fishing Ship |
| 25:32 | Queue | Fishing Ship |
| 25:39 | Queue | Villager (Male) |
| 25:47 | Build | Fish Trap |
| 25:48 | Queue | Villager (Male) |
| 26:12 | Queue | Fishing Ship |
| 26:12 | Queue | Fishing Ship |
Match timeline
| 2:28 | [Nors] OG DADDY · wall_segment Palisade Wall x8 |
| 3:59 | randomsharky · wall_segment Palisade Wall x7 |
| 6:58 | [Nors] OG DADDY · wall_segment Palisade Wall x7 |
| 7:34 | [Nors] OG DADDY · wall_segment Palisade Wall x1 |
| 7:35 | [Nors] OG DADDY · wall_segment Palisade Wall x1 |
| 7:36 | [Nors] OG DADDY · wall_segment Palisade Wall x1 |
| 7:37 | [Nors] OG DADDY · wall_segment Palisade Wall x1 |
| 8:02 | [Nors] OG DADDY · wall_segment Palisade Wall x1 |
| 8:05 | [Nors] OG DADDY · wall_segment Palisade Wall x1 |
| 8:06 | [Nors] OG DADDY · wall_segment Palisade Wall x1 |
| 8:07 | [Nors] OG DADDY · wall_segment Palisade Wall x1 |
| 8:10 | [Nors] OG DADDY · wall_segment Palisade Wall x1 |
| 8:12 | [Nors] OG DADDY · wall_segment Palisade Wall x1 |
| 8:13 | [Nors] OG DADDY · wall_segment Palisade Wall x1 |
| 8:15 | [Nors] OG DADDY · wall_segment Palisade Wall x1 |
| 8:16 | randomsharky · wall_segment Palisade Wall x1 |
| 8:17 | randomsharky · wall_segment Palisade Wall x1 |
| 8:42 | randomsharky · wall_segment Palisade Wall x1 |
| 8:43 | randomsharky · wall_segment Palisade Wall x1 |
| 8:44 | randomsharky · wall_segment Palisade Wall x1 |
| 8:44 | randomsharky · wall_segment Palisade Wall x1 |
| 8:48 | [Nors] OG DADDY · wall_segment Palisade Wall x1 |
| 8:50 | [Nors] OG DADDY · wall_segment Palisade Wall x1 |
| 8:51 | [Nors] OG DADDY · wall_segment Palisade Wall x1 |
| 9:00 | randomsharky · wall_segment Palisade Wall x1 |
| 9:01 | randomsharky · wall_segment Palisade Wall x1 |
| 9:03 | [Nors] OG DADDY · wall_segment Palisade Wall x1 |
| 9:06 | [Nors] OG DADDY · wall_segment Palisade Wall x1 |
| 9:07 | [Nors] OG DADDY · wall_segment Palisade Wall x1 |
| 9:10 | randomsharky · wall_segment Palisade Wall x1 |
| 9:14 | randomsharky · wall_segment Palisade Wall x1 |
| 9:18 | randomsharky · wall_segment Palisade Wall x1 |
| 9:25 | randomsharky · wall_segment Palisade Wall x1 |
| 9:54 | [Nors] OG DADDY · wall_segment Palisade Wall x1 |
| 9:59 | [Nors] OG DADDY · wall_segment Palisade Wall x1 |
| 10:00 | [Nors] OG DADDY · wall_segment Palisade Wall x1 |
| 10:01 | [Nors] OG DADDY · wall_segment Palisade Wall x1 |
| 10:03 | [Nors] OG DADDY · wall_segment Palisade Wall x1 |
| 10:06 | randomsharky · wall_segment Palisade Wall x1 |
| 10:07 | randomsharky · wall_segment Palisade Wall x1 |
| 10:17 | randomsharky · wall_segment Palisade Wall x1 |
| 10:17 | randomsharky · wall_segment Palisade Wall x1 |
| 10:18 | randomsharky · wall_segment Palisade Wall x1 |
| 10:21 | randomsharky · first_building Dock |
| 11:08 | randomsharky · wall_segment Palisade Wall x1 |
| 11:08 | randomsharky · wall_segment Palisade Wall x1 |
| 11:09 | randomsharky · wall_segment Palisade Wall x1 |
| 11:10 | randomsharky · wall_segment Palisade Wall x1 |
| 11:34 | randomsharky · wall_segment Palisade Wall x1 |
| 12:25 | [Nors] OG DADDY · first_building Dock |
| 12:34 | [Nors] OG DADDY · wall_segment Palisade Wall x1 |
| 13:55 | [Nors] OG DADDY · first_building Barracks |
| 15:27 | randomsharky · first_building Barracks |
| 15:36 | randomsharky · wall_segment Palisade Wall x1 |
| 15:38 | randomsharky · wall_segment Palisade Wall x1 |
| 15:46 | [Nors] OG DADDY · age_up feudal |
| 15:53 | randomsharky · wall_segment Palisade Wall x1 |
| 15:55 | randomsharky · wall_segment Palisade Wall x4 |
| 15:57 | randomsharky · wall_segment Palisade Wall x1 |
| 16:10 | [Nors] OG DADDY · first_building Archery Range |
| 16:17 | randomsharky · wall_segment Palisade Wall x1 |
| 16:19 | randomsharky · wall_segment Palisade Wall x1 |
| 16:21 | randomsharky · wall_segment Palisade Wall x1 |
| 16:24 | randomsharky · wall_segment Palisade Wall x1 |
| 16:26 | randomsharky · wall_segment Palisade Wall x1 |
| 16:31 | randomsharky · wall_segment Palisade Wall x1 |
| 17:14 | randomsharky · age_up feudal |
| 17:17 | randomsharky · first_building Archery Range |
| 17:21 | randomsharky · wall_segment Stone Wall x1 |
| 17:22 | randomsharky · wall_segment Stone Wall x1 |
| 17:28 | randomsharky · wall_segment Stone Wall x1 |
| 19:09 | [Nors] OG DADDY · wall_segment Palisade Wall x1 |
| 21:24 | randomsharky · wall_segment Stone Wall x1 |
| 21:26 | randomsharky · wall_segment Stone Wall x1 |
| 21:27 | randomsharky · wall_segment Stone Wall x3 |
| 21:29 | randomsharky · wall_segment Stone Wall x3 |
| 22:24 | randomsharky · wall_segment Stone Wall x5 |
| 22:25 | randomsharky · wall_segment Stone Wall x3 |
| 23:17 | [Nors] OG DADDY · wall_segment Stone Wall x5 |
| 23:40 | randomsharky · first_market_buy 100 food |
| 27:42 | randomsharky · age_up castle |
| 27:50 | randomsharky · first_building Castle |
| 28:20 | [Nors] OG DADDY · wall_segment Stone Wall x1 |
| 28:20 | [Nors] OG DADDY · wall_segment Stone Wall x1 |
| 28:21 | [Nors] OG DADDY · wall_segment Stone Wall x1 |
| 28:22 | [Nors] OG DADDY · wall_segment Stone Wall x2 |
| 28:23 | [Nors] OG DADDY · wall_segment Stone Wall x2 |
| 29:15 | randomsharky · first_building Siege Workshop |
| 29:54 | [Nors] OG DADDY · first_market_sell 100 wood |
| 29:58 | [Nors] OG DADDY · first_market_buy 100 stone |
| 30:04 | [Nors] OG DADDY · age_up castle |
| 30:12 | [Nors] OG DADDY · first_building Castle |
| 31:55 | randomsharky · age_up imperial |
| 32:01 | [Nors] OG DADDY · resign |
[ AI ANALYSIS · 1 CREDIT ]
What really happened in this match?
Wolo.gg analyzes every decision: build order, eco, micro, common mistakes by bracket. Personalized analysis on WhatsApp or Discord in 30 seconds.
Civ guide
Turks
Perfil
Jugador #26043706